 Dungeon Crawl Stone Soup version 0.17-a0-1141-g3e25b61 (webtiles) character file.

57 Fluffy the Skirmisher (level 3, -2/29 HPs)
             Began as a Demonspawn Abyssal Knight on May 26, 2015.
             Was a Believer of Lugonu.
             Slain by an ogre
             ... wielding a +0 giant club
              (16 damage)
             ... on level 2 of the Dungeon.
             The game lasted 00:05:49 (1736 turns).

Fluffy the Skirmisher (Demonspawn Abyssal Knight)   Turns: 1736, Time: 00:05:50

Health: -2/29      AC: 12    Str: 13    XL:     3   Next: 73%
Magic:  5/5        EV:  3    Int: 18    God:    Lugonu [**....]
Gold:   90         SH:  0    Dex: 14    Spells: 0 memorised, 2 levels left

rFire  . . .     SeeInvis .     a - +1 falchion
rCold  . . .     Clarity  .     o - +0 plate armour
rNeg   + . .     SustAt   .     (no shield)
rPois  .         Gourm    .     (no helmet)
rElec  .         Spirit   .     (no cloak)
rCorr  .         Warding  .     k - +0 pair of gloves
rMut   .         Stasis   .     (no boots)
MR     .....                    (no amulet)
Stlth  ..........               g - ring of positive energy
                                h - +5 ring of intelligence

@: not resistant to hostile enchantments, extremely unstealthy
A: thin skeletal structure 1, powered by death 1
a: Depart the Abyss, Bend Space, Renounce Religion


You were on level 2 of the Dungeon.
You worshipped Lugonu.
Lugonu was pleased with you.
You were very hungry.

You visited 1 branch of the dungeon, and saw 3 of its levels.
You visited the Abyss 1 time.

You collected 90 gold pieces.

Inventory:

Hand weapons
 a - a +1 falchion (weapon)
Armour
 k - a +0 pair of gloves (worn)
 o - a +0 plate armour (worn)
Jewellery
 g - a ring of positive energy (right hand)
 h - a +5 ring of intelligence (left hand)
Magical devices
 n - a wand of slowing (32)
Scrolls
 e - 3 scrolls of fog {unknown}
 f - a scroll of identify {unknown}
 i - 3 scrolls of remove curse {unknown}
Potions
 d - a potion of mutation {unknown}
 l - a potion of flight {unknown}
 m - 2 potions of lignification {unknown}
Comestibles
 b - 3 beef jerkies
 c - a bread ration
 j - a meat ration


   Skills:
 + Level 3.2 Fighting
 + Level 2.4 Long Blades
 + Level 2.4 Armour
 + Level 1.3 Dodging
 + Level 3.2 Invocations


You had 2 spell levels left.
You didn't know any spells.

Dungeon Overview and Level Annotations

Branches:
Dungeon (3/15)

Altars:
Fedhas

Annotations:
D:3 projectmayhem's ghost, weakling SpVM


Innate Abilities, Weirdness & Mutations

You have a somewhat thin skeletal structure (Dex +2, Stealth).
You can steal the life force of nearby defeated enemies.


Message History

Okay, then.
There is a stone staircase leading up here.
There are no items here.
You climb upwards.
There is a stone staircase leading down here.
You start resting.
You are feeling very hungry.
You start resting.
HP restored.
You climb downwards.
There is a stone staircase leading up here.
You hit the ogre.
The ogre is lightly wounded.
The ogre hits you with a giant club!
Ouch! That really hurt!
You slash the ogre!
The ogre is heavily wounded.
The ogre hits you with a giant club!
Ouch! That really hurt!
You die...

.# #.........## #. .#
#..........##################.
.###.............#...............
....................#############
.###.........)...##.#
.###....<........##.# #
.#...............##.### #
#..####.#.#......##...# ######
#.## #...(.##..@O###.# ###.....
#.# ###.............## #.....#.
..## #...............# #.......
...## ##..#...)......#.###......#
##..# #...#..........#.##........
..#.###.#.#..........#.O#......##
#....#..#.#..........##..........
###....##.###.............O..).##
##.....##.....#....).#.).......##


You could see an ogre.

Vanquished Creatures
  An adder (D:2)
  An ooze (D:1)
  A worm (D:2)
  A giant gecko (D:1)
  7 bats
  A giant cockroach (D:1)
  9 hobgoblins
  2 jackals (D:2)
  A quokka (D:2)
  5 giant newts
  5 goblins
  3 kobolds
  4 rats
41 creatures vanquished.

Notes
Turn   | Place    | Note
--------------------------------------------------------------
     0 | Abyss:1  | Fluffy the Demonspawn Abyssal Knight began the quest for the Orb.
     0 | Abyss:1  | Reached XP level 1. HP: 18/18 MP: 2/2
    46 | Abyss:1  | Noticed an ancient zyme
    75 | Abyss:1  | Noticed an iron imp
    76 | Abyss:1  | Noticed a thrashing horror
    77 | D:1      | Escaped the Abyss
   177 | D:1      | Reached skill level 1 in Dodging
   522 | D:1      | Acquired Lugonu's first power
   522 | D:1      | Gained mutation: You have a somewhat thin skeletal structure (Dex +2, Stealth). [demonic ancestry]
   522 | D:1      | Reached XP level 2. HP: 22/24 MP: 4/4
   921 | D:2      | Gained mutation: You can steal the life force of nearby defeated enemies. [demonic ancestry]
   921 | D:2      | Reached XP level 3. HP: 15/29 MP: 5/5
   998 | D:2      | You fall through a shaft!
  1050 | D:3      | Noticed projectmayhem's ghost (weakling SpVM)
  1059 | D:3      | Noticed an ogre
  1326 | D:2      | Found a blossoming altar of Fedhas.
  1333 | D:2      | Acquired Lugonu's second power
  1736 | D:2      | Slain by an ogre

Vault maps used:
D:1:      matt_arrival_refuge, serial_glass, glass_columns_a, glass_columns_a,
          glass_columns_a, glass_columns_b, glass_columns_b, glass_columns_b,
          glass_columns_c, glass_columns_a
D:2:      serial_bayou_lagoon_a, fedhas_altar_1
D:3:      elyvilon_altar_1, first_bread

Action                   || total
-------------------------++-------
Melee: Falchion          ||   142
Invok: Depart the Abyss  ||     1
       Bend Space        ||     2
  Eat: Chunk             ||     2
